 Seeded DCSS version 0.29-a0-359-g541a27f54d (webtiles) character file.

Game seed: 2364543799250634364 (custom seed)

141 zeratav the Chiller (level 4, 0/33 HPs)
             Began as a Demigod Ice Elementalist on Apr 27, 2022.
             Slain by an orc
             ... wielding a +0 flail
              (9 damage)
             ... on level 2 of the Dungeon on Apr 28, 2022.
             The game lasted 00:05:42 (2140 turns).

zeratav the Chiller (Demigod Ice Elementalist)      Turns: 2140, Time: 00:05:43

Health: 0/33       AC:  3    Str: 15    XL:     4   Next: 73%
Magic:  11/11      EV: 12    Int: 21    God:
Gold:   97         SH:  0    Dex: 14    Spells: 4/8 levels left

rFire   . . .      SeeInvis .   o - +1 dagger (venom) {short}
rCold   . . .      Faith    .   (no shield)
rNeg    . . .      Spirit   .   a - +0 robe
rPois   .          Reflect  .   (no helmet)
rElec   .          Harm     .   (no cloak)
rCorr   .          Rampage  .   (no gloves)
Will    ++...                   g - +0 pair of boots
Stlth   ++........              e - amulet "Samol" {*Slow +Inv Fly Will++ Regen+}
HPRegen 0.91/turn               h - ring of wizardry
MPRegen 0.12/turn               l - +6 ring of strength

@: flying
A: high MP 1, forlorn, divine attributes
a: Evoke Invisibility


You were on level 2 of the Dungeon.
You visited 1 branch of the dungeon, and saw 3 of its levels.

You collected 97 gold pieces.


Innate Abilities, Weirdness & Mutations

You have an increased reservoir of magic. (+10% MP)
You shall have no god before yourself.
Your divine heritage dramatically boosts your attributes as you level up.


   Skills:
 - Level 1.7 Dodging
 - Level 1.7 Stealth
 + Level 2.8 Spellcasting
 * Level 5.2 Ice Magic


You had 4 spell levels left.
You knew the following spells:

 Your Spells              Type           Power      Damage    Failure   Level
a - Freeze                Ice            96%        1d11      1%          1
b - Ozocubu's Armour      Ice            24%        N/A       1%          3

Your spell library contained the following spells:

 Spells                   Type           Power      Damage    Failure   Level
 Frozen Ramparts          Ice            48%        1d6       1%          3
 Hailstorm                Conj/Ice       13%        3d5       19%         4

Inventory:

Hand Weapons
 o - a +1 dagger of venom (weapon) {short}
   (You took it off a goblin on level 2 of the Dungeon)
Armour
 a - a +0 robe (worn)
 g - a +0 pair of boots (worn)
   (You found it on level 1 of the Dungeon)
 r - a +0 robe
   (You took it off an orc wizard on level 3 of the Dungeon)
 s - a +0 robe
   (You took it off an orc wizard on level 3 of the Dungeon)
Jewellery
 e - the amulet "Samol" (around neck) {*Slow +Inv Fly Will++ Regen+}
   (You acquired it on level 1 of the Dungeon)

   [amulet of regeneration]

   +Inv:      It lets you turn invisible.
   Fly:       It grants you flight.
   Regen:     It increases your rate of health regeneration.
   *Slow:     It may slow you when you take damage.
   Will:      It greatly increases your willpower.
 h - a ring of wizardry (left hand)
   (You found it on level 1 of the Dungeon)
 l - a +6 ring of strength (right hand)
   (You found it on level 2 of the Dungeon)
Scrolls
 c - a scroll of vulnerability {unknown}
 d - 5 scrolls of identify {unknown}
 f - a scroll of fear {unknown}
 j - a scroll of immolation {unknown}
 q - 2 scrolls of enchant weapon {unknown}
Potions
 b - a potion of magic
 i - a potion of brilliance {unknown}
 k - 2 potions of curing {unknown}
 m - a potion of ambrosia {unknown}
 n - a potion of invisibility {unknown}
 p - a potion of haste {unknown}

Dungeon Overview and Level Annotations

Branches:
Dungeon (3/15)

##### #####..##.#.###### #.#
....# ##.##.#.# #.# ....#
#..#.#.# #.. ....#
##.#.#.######### #### ....#
#.#.#.#......)# #... ....#
#...#.#.....#.###.## ....#
##..#.......#....... ....#
#o.###....###.#.... ....#
#.@..#....# #.####. ....##
###o###....###.# ### .....#
#...# #....#...# #.. ####.#
###.##########.#.# #.# #.#
#........#####.#.###.. #.##
#.........##.....##... ##..#
#.........#......##.#.
#...######.........#..##..##.#.
#.#......#)........#..##..##.#.


You could see 2 orcs.


Message History

You hit the adder.
You kill the adder!
You feel sick. The orc hits you with a +0 flail.
* * * LOW HITPOINT WARNING * * *
You hear some strange, mumbled words.
A magic dart appears from out of thin air!
The magic dart hits you.
* * * LOW HITPOINT WARNING * * *
HP[-8]
You take 8 damage, and now have 9/33 hp.
MASSIVE DAMAGE!! (PAUSE)
You feel sick.
You are no longer poisoned.
An orc wizard appears from thin air!
Reactivating autopickup.
The orc misses you.
The orc wizard hits you but does no damage.
The orc hits you with a +0 flail.
* * * LOW HITPOINT WARNING * * *
HP[-6]
You take 6 damage, and now have 3/33 hp.
The orc wizard attacks as you move away!
The orc wizard barely misses you. The orc hits you with a +0 flail.
* * * LOW HITPOINT WARNING * * *
HP[+1] HP[+1]
The goblin hits you but does no damage.
The orc wizard hits you with a +0 dagger.
* * * LOW HITPOINT WARNING * * *
The rat twitches its whiskers.
HP[+1] HP[+1]
The orc wizard attacks as you move away!
The orc wizard hits you with a +0 dagger.
* * * LOW HITPOINT WARNING * * *
The goblin attacks as you move away! The goblin hits you with a +0 club.
* * * LOW HITPOINT WARNING * * *
The goblin closely misses you.
HP[-1]
You take 1 damage, and now have 6/33 hp.
HP[+2]
You regained 2 hp, and now have 8/33 hp.
The goblin barely misses you. The rat bites you but does no damage.
HP[+1]
You feel yourself speed up.
The orc wizard casts a spell.
The orc wizard flickers and vanishes!
Deactivating autopickup; reactivate with Ctrl-A.
HP[+1]
The orc wizard casts a spell.
The orc wizard flickers and vanishes!
HP[+1]
The orc attacks as you move away! The orc hits you but does no damage.
You see here 10 gold pieces.
HP[+1] HP[+1]
The orc attacks as you move away! The orc closely misses you.
The rat bites you.
* * * LOW HITPOINT WARNING * * *
The rat attacks as you move away! The rat bites you but does no damage.
The goblin closely misses you.
HP[+1] HP[+1]
The orc attacks as you move away! The orc misses you.
HP[+1] HP[+1]
The rat bites you. The rat attacks as you move away! The rat bites you.
* * * LOW HITPOINT WARNING * * *
The orc attacks as you move away! The orc hits you with a +0 flail.
* * * LOW HITPOINT WARNING * * *
HP[-5]
You take 5 damage, and now have 12/33 hp.
The orc hits you with a +0 short sword.
* * * LOW HITPOINT WARNING * * *
You hear some strange, mumbled words.
Something tries to affect you, but you resist.
HP[-2]
You take 2 damage, and now have 10/33 hp.
The orc attacks as you move away! The orc closely misses you.
The rat attacks as you move away! The rat bites you.
* * * LOW HITPOINT WARNING * * *
There is a stone staircase leading up here.
The rat bites you.
* * * LOW HITPOINT WARNING * * *
The orc hits you with a +0 short sword.
* * * LOW HITPOINT WARNING * * *
The orc hits you but does no damage.
You fly upwards.
Reactivating autopickup.
There is a stone staircase leading down here.
HP[-1]
You take 1 damage, and now have 9/33 hp.
You hit the rat.
The rat is poisoned.
The orc hits you with a +0 short sword.
* * * LOW HITPOINT WARNING * * *
The rat completely misses you. The orc closely misses you.
You hit the rat.
You kill the rat!
The orc closely misses you. The orc hits you with a +0 flail!
You die...

Skill      XL: |  1  2  3  4 |
---------------+-------------+-----
Spellcasting   | 2 |  2.8
Ice Magic      | 4 5 |  5.2
Dodging        | |  1.7
Stealth        | |  1.7

Action                   |  1- 3 |  4- 6 || total
-------------------------+-------+-------++-------
Melee: Dagger            |    11 |    14 ||    25
 Cast: Freeze            |    76 |     3 ||    79
  Use: Scroll            |     1 |       ||     1
Armor: Robe              |    20 |    12 ||    32
Dodge: Dodged            |    49 |    31 ||    80

Levels and vault maps discovered:
D:1:      lemuel_arrival_hallway, layout_loops_ring,
          corexii_item_surrounded_by_moat
D:2:      layout_basic, basic_altar, chequers_ecumenical_altar_grove
D:3:      layout_basic

Notes
Turn   | Place    | Note
-------+----------+-------------------------------------------
     0 | D:1      | zeratav the Demigod Ice Elementalist began the quest for
                  | the Orb.
     0 | D:1      | Reached XP level 1. HP: 14/14 MP: 5/5
     0 | D:1      | magus.rc [v1.9.6]
   202 | D:1      | Reached skill level 2 in Spellcasting
   262 | D:1      | Identified a scroll of acquirement
   262 | D:1      | Acquired the amulet "Samol" {*Slow +Inv Fly Will++ Regen+}
   273 | D:1      | Reached skill level 4 in Ice Magic
   273 | D:1      | Reached XP level 2. HP: 10/18 MP: 4/7
  1158 | D:2      | Reached XP level 3. HP: 24/26 MP: 1/9
  1408 | D:2      | HP: 6/26 [endoplasm (3)]
  1475 | D:2      | Learned a level 3 spell: Ozocubu's Armour
  1930 | D:3      | Reached XP level 4. HP: 14/33 MP: 1/10
  1938 | D:3      | HP: 7/33 [orc wizard/magic dart (3)]
  1943 | D:2      | HP: 5/33 [orc/+0 short sword (4)]
  1944 | D:2      | HP: 2/33 [orc/+0 short sword (4)]
  1947 | D:2      | Reached skill level 5 in Ice Magic
  1952 | D:2      | HP: 1/33 [orc/+0 short sword (5)]
  2115 | D:3      | HP: 3/33 [orc/+0 flail (6)]
  2121 | D:3      | HP: 6/33 [orc wizard/+0 dagger (1)]
  2137 | D:3      | HP: 7/33 [orc/+0 short sword (2)]
  2140 | D:2      | Slain by an orc

Vanquished Creatures
  3 orc wizards
  An adder (D:3)
  A worm (D:2)
  A dart slug (D:1)
  3 orcs
  4 bats
  7 endoplasms
  2 giant cockroaches (D:1)
  5 goblins
  3 hobgoblins
  3 jackals (D:1)
  4 ball pythons
  2 frilled lizards (D:1)
  5 kobolds
  4 rats
48 creatures vanquished.

Table legend:
 A = Non-vault XP
 B = Vault XP
 C = Vault XP percentage of total XP
 D = Non-vault monster count
 E = Vault monster count
 F = Vault count percentage of total count
                 A         B        C        D         E       F
            +---------+---------+-------+---------+---------+-------
      Total |     203 |       0 |   0.0 |      48 |       0 |   0.0
            +---------+---------+-------+---------+---------+-------
        D:1 |      39 |       0 |   0.0 |      23 |       0 |   0.0
        D:2 |      72 |       0 |   0.0 |      19 |       0 |   0.0
        D:3 |      92 |       0 |   0.0 |       6 |       0 |   0.0
            +---------+---------+-------+---------+---------+-------

Illustrated notes

Table legend:
 A = Kills in this place as a percentage of kills in entire the game.
 B = Kills by you in this place as a percentage of kills by you in the entire game.
 C = Kills by friends in this place as a percentage of kills by friends in the entire game.
 D = Other kills in this place as a percentage of other kills in the entire game.
 E = Experience gained in this place as a percentage of experience gained in the entire game.
 F = Experience gained in this place divided by the number of levels of this place that you have seen.
                   A       B       C       D       E      F
               +-------+-------+-------+-------+-------+----------------------
         Total | 100.0 | 100.0 |   N/A |   N/A | 100.0 |  67.7
       Dungeon | 100.0 | 100.0 |   N/A |   N/A | 100.0 |  67.7
               +-------+-------+-------+-------+-------+----------------------

Table legend: (Time is in decaauts)
 A = Elapsed time spent in this place.
 B = Non-inter-level travel time spent in this place.
 C = Inter-level travel time spent in this place.
 D = Time resting spent in this place.
 E = Time spent auto-exploring this place.
 F = Levels seen in this place.
 G = Mean time per level.
                   A        B        C        D        E       F      G
               +--------+--------+--------+--------+--------+-----+--------+
         Total |   2150 |   2120 |     30 |    255 |   1460 |   3 |  716.7 |
       Dungeon |   2150 |   2120 |     30 |    255 |   1460 |   3 |  716.7 |
               +--------+--------+--------+--------+--------+-----+--------+

Top non-repeatable levels by time:
     D:1: 1056 daAuts
     D:2: 961 daAuts
     D:3: 132 daAuts
